General information
- name: BNet
- type: Ladder team game (AT/RT)
- host: Battle.net
- saver: MyNameIsMud
map: GolemsInTheMist
- players: 8
- length: 38:31
- speed: Fast
- version: 1.26 W3XP
- replay type: Public
» download(226 KB)
Players
team 1 (winner)
MyNameIsMud (
teal | 63 APM | 2425 actions | 38:31)
10 Archmage
3 Summon Water Elemental
3 Brilliance Aura
1 Mass Teleport
3 Blizzard
» actions
| Assign group hotkey | 25 | |
| Basic commands | 120 | |
| Build / train | 103 | |
| Enter build submenu | 62 | |
| Enter hero's abilities submenu | 10 | |
| Give item / drop item | 2 | |
| Right click | 775 | |
| Select / deselect | 416 | |
| Select group hotkey | 700 | |
| Use ability | 212 | |
2425 total
» units
| Peasant | 12 | |
| Footman | 4 | |
| Goblin Shredder | 1 | |
| Gryphon Rider | 6 | |
| Goblin Sapper | 2 | |
| Dragonhawk Rider | 9 | |
34 total
» upgrades
| Masonry | 3 | |
| Swords | 4 | |
| Armor | 3 | |
| Animal War Training | 1 | |
| Storm Hammers | 1 | |
| Cloud | 1 | |
13 total
» buildings
| Altar of Kings | 1 | |
| Barracks | 1 | |
| Farm | 13 | |
| Arcane Vault | 3 | |
| Keep | 1 | |
| Lumber Mill | 1 | |
| Castle | 1 | |
| Town Hall | 5 | |
| Scout Tower | 38 | |
| Guard Tower | 15 | |
| Gryphon Aviary | 5 | |
| Blacksmith | 2 | |
86 total
» build order
00:35 Altar of Kings
00:37 Barracks
00:50 Farm
00:51 Farm
01:05 Farm
02:07 Farm
03:17 Arcane Vault
04:05 Keep
04:11 Farm
04:21 Lumber Mill
06:31 Castle
06:35 Town Hall
06:36 Scout Tower
06:37 Scout Tower
06:38 Scout Tower
06:39 Scout Tower
08:04 Guard Tower
08:26 Gryphon Aviary
08:27 Gryphon Aviary
08:37 Gryphon Aviary
08:39 Gryphon Aviary
08:41 Gryphon Aviary
08:45 Blacksmith
08:50 Blacksmith
11:14 Farm
11:22 Scout Tower
11:23 Scout Tower
11:24 Scout Tower
11:26 Farm
11:29 Scout Tower
11:30 Scout Tower
11:51 Scout Tower
11:53 Guard Tower
12:24 Guard Tower
13:21 Guard Tower
14:17 Farm
14:45 Farm
14:47 Farm
15:48 Farm
18:48 Arcane Vault
19:08 Farm
19:08 Farm
20:12 Scout Tower
20:13 Scout Tower
20:13 Scout Tower
20:16 Scout Tower
20:17 Scout Tower
20:18 Scout Tower
20:19 Scout Tower
20:20 Scout Tower
20:39 Guard Tower
21:00 Guard Tower
23:00 Town Hall
23:02 Scout Tower
23:03 Scout Tower
23:03 Scout Tower
23:04 Scout Tower
23:05 Scout Tower
23:06 Scout Tower
23:08 Scout Tower
23:10 Scout Tower
23:11 Scout Tower
23:14 Scout Tower
23:19 Scout Tower
23:20 Scout Tower
23:20 Scout Tower
23:21 Scout Tower
23:21 Scout Tower
23:34 Guard Tower
23:38 Guard Tower
23:41 Arcane Vault
23:42 Scout Tower
23:57 Guard Tower
23:58 Guard Tower
24:03 Guard Tower
24:21 Guard Tower
24:22 Guard Tower
24:35 Guard Tower
24:55 Town Hall
29:16 Town Hall
30:21 Town Hall
30:31 Scout Tower
30:32 Scout Tower
30:32 Scout Tower
30:32 Scout Tower
31:39 Guard Tower
» items
| Scroll of Regeneration | 10 | |
| Scroll of Town Portal | 3 | |
| Lesser Clarity Potion | 1 | |
| Potion of Healing | 3 | |
| Ivory Tower | 7 | |
| Mechanical Critter | 4 | |
28 total
TONY-ROMO-LOl (
red | 69 APM | 2660 actions | 38:31)
5 Archmage
3 Summon Water Elemental
2 Brilliance Aura
» actions
| Assign group hotkey | 54 | |
| Basic commands | 99 | |
| Build / train | 118 | |
| Enter build submenu | 25 | |
| Enter hero's abilities submenu | 5 | |
| Give item / drop item | 2 | |
| Right click | 1066 | |
| Select / deselect | 315 | |
| Select group hotkey | 867 | |
| Use ability | 109 | |
2660 total
» units
| Peasant | 12 | |
| Goblin Shredder | 1 | |
| Goblin Zeppelin | 1 | |
| Flying Machine | 52 | |
| Sorceress | 1 | |
67 total
» upgrades
| Masonry | 3 | |
| Gunpowder | 3 | |
| Flak Cannons | 1 | |
| Flying Machine Bombs | 1 | |
| Barrage | 1 | |
| Plating | 3 | |
| Sorceress Training | 2 | |
| Priest Training | 1 | |
15 total
» buildings
| Altar of Kings | 1 | |
| Farm | 10 | |
| Lumber Mill | 1 | |
| Scout Tower | 10 | |
| Arcane Tower | 1 | |
| Guard Tower | 12 | |
| Keep | 2 | |
| Blacksmith | 1 | |
| Arcane Vault | 1 | |
| Castle | 2 | |
| Workshop | 5 | |
| Town Hall | 1 | |
| Arcane Sanctum | 1 | |
48 total
» build order
00:08 Altar of Kings
00:22 Farm
00:38 Lumber Mill
01:03 Farm
01:09 Farm
01:14 Scout Tower
01:39 Scout Tower
01:52 Arcane Tower
01:57 Scout Tower
02:14 Guard Tower
02:17 Scout Tower
02:29 Guard Tower
02:58 Guard Tower
03:50 Keep
03:50 Keep
04:02 Farm
04:10 Scout Tower
04:10 Scout Tower
05:00 Guard Tower
05:13 Blacksmith
05:28 Farm
05:31 Farm
05:40 Arcane Vault
06:13 Castle
06:17 Workshop
06:19 Workshop
06:28 Workshop
08:09 Town Hall
08:21 Scout Tower
08:21 Scout Tower
08:22 Scout Tower
08:23 Scout Tower
08:50 Guard Tower
08:51 Guard Tower
08:55 Guard Tower
08:55 Guard Tower
10:24 Guard Tower
10:25 Guard Tower
11:26 Guard Tower
13:03 Workshop
13:41 Arcane Sanctum
18:20 Workshop
18:23 Farm
18:23 Farm
18:24 Farm
18:24 Farm
» items
| Potion of Mana | 1 | |
| Potion of Healing | 3 | |
| Ivory Tower | 3 | |
| Scroll of Town Portal | 2 | |
9 total
bobbosden (
yellow | 29 APM | 1105 actions | 37:51)
6 Archmage
3 Summon Water Elemental
2 Brilliance Aura
1 Mass Teleport
» actions
| Assign group hotkey | 13 | |
| Basic commands | 52 | |
| Build / train | 68 | |
| ESC pressed | 9 | |
| Enter build submenu | 58 | |
| Enter hero's abilities submenu | 6 | |
| Give item / drop item | 3 | |
| Remove unit from queue | 6 | |
| Right click | 230 | |
| Select / deselect | 294 | |
| Select group hotkey | 266 | |
| Use ability | 100 | |
1105 total
» units
| Peasant | 16 | |
| Rifleman | 3 | |
| Footman | 1 | |
| Gryphon Rider | 1 | |
| Priest | 2 | |
23 total
» upgrades
| Lumber Harvesting | 1 | |
| Swords | 2 | |
| Armor | 1 | |
| Priest Training | 1 | |
5 total
» buildings
| Altar of Kings | 2 | |
| Barracks | 1 | |
| Blacksmith | 1 | |
| Farm | 10 | |
| Lumber Mill | 2 | |
| Keep | 2 | |
| Scout Tower | 24 | |
| Town Hall | 2 | |
| Guard Tower | 13 | |
| Castle | 2 | |
| Gryphon Aviary | 2 | |
| Arcane Vault | 3 | |
| Arcane Sanctum | 2 | |
66 total
» build order
00:45 Altar of Kings
01:03 Barracks
01:21 Blacksmith
01:45 Farm
02:31 Farm
02:44 Farm
03:09 Farm
03:50 Farm
04:25 Lumber Mill
04:48 Farm
04:51 Keep
05:40 Scout Tower
05:49 Farm
06:42 Scout Tower
06:54 Scout Tower
06:59 Scout Tower
07:12 Town Hall
07:31 Guard Tower
07:35 Scout Tower
07:46 Guard Tower
07:49 Scout Tower
08:17 Scout Tower
08:19 Guard Tower
08:21 Castle
08:30 Scout Tower
08:32 Guard Tower
09:03 Guard Tower
09:05 Guard Tower
10:54 Gryphon Aviary
10:56 Gryphon Aviary
12:42 Farm
12:50 Arcane Vault
12:54 Arcane Vault
13:06 Scout Tower
13:08 Scout Tower
13:10 Scout Tower
13:29 Farm
13:33 Scout Tower
14:24 Guard Tower
14:26 Scout Tower
14:28 Scout Tower
14:30 Scout Tower
14:34 Scout Tower
15:34 Guard Tower
16:32 Scout Tower
16:38 Scout Tower
19:18 Arcane Vault
19:51 Altar of Kings
20:23 Scout Tower
20:25 Scout Tower
20:57 Lumber Mill
22:17 Keep
22:38 Guard Tower
22:43 Scout Tower
22:52 Guard Tower
27:25 Scout Tower
28:29 Castle
28:35 Guard Tower
28:46 Arcane Sanctum
28:49 Arcane Sanctum
30:05 Guard Tower
31:31 Guard Tower
32:07 Scout Tower
32:08 Scout Tower
33:08 Farm
34:41 Town Hall
» items
| Scroll of Town Portal | 4 | |
| Potion of Healing | 1 | |
| Scroll of Regeneration | 1 | |
| Ivory Tower | 5 | |
11 total
Chief.Dank. (
blue | 43 APM | 470 actions | 10:50)
3 Demon Hunter
1 Immolation
2 Mana Burn
» actions
| Assign group hotkey | 7 | |
| Build / train | 34 | |
| Enter build submenu | 12 | |
| Enter hero's abilities submenu | 3 | |
| Right click | 192 | |
| Select / deselect | 114 | |
| Select group hotkey | 86 | |
| Use ability | 22 | |
470 total
» units
| Wisp | 14 | |
| Druid of the Talon | 3 | |
| Hippogryph | 3 | |
| Chimaera | 6 | |
26 total
» upgrades
| Strength of the Wild | 1 | |
| Reinforced Hides | 1 | |
2 total
» buildings
| Altar of Elders | 1 | |
| Moon Well | 6 | |
| Tree of Ages | 1 | |
| Hunter's Hall | 1 | |
| Ancient Protector | 1 | |
| Ancient of Wind | 1 | |
| Tree of Eternity | 1 | |
| Chimaera Roost | 2 | |
14 total
» build order
00:06 Altar of Elders
00:07 Moon Well
02:02 Tree of Ages
02:06 Hunter's Hall
02:32 Moon Well
03:17 Ancient Protector
03:22 Moon Well
03:26 Moon Well
04:24 Ancient of Wind
05:03 Tree of Eternity
05:09 Moon Well
07:35 Chimaera Roost
07:36 Chimaera Roost
08:04 Moon Well
team 2 (loser)
ih8i8pssy (
pink | 72 APM | 2757 actions | 38:30)
5 Archmage
3 Blizzard
2 Brilliance Aura
» actions
| Assign group hotkey | 50 | |
| Basic commands | 147 | |
| Build / train | 175 | |
| ESC pressed | 17 | |
| Enter build submenu | 70 | |
| Enter hero's abilities submenu | 5 | |
| Give item / drop item | 2 | |
| Remove unit from queue | 1 | |
| Right click | 949 | |
| Select / deselect | 473 | |
| Select group hotkey | 695 | |
| Use ability | 173 | |
2757 total
» units
| Peasant | 17 | |
| Footman | 6 | |
| Rifleman | 11 | |
| Goblin Shredder | 8 | |
| Goblin Zeppelin | 4 | |
| Goblin Sapper | 3 | |
| Dragonhawk Rider | 2 | |
| Gryphon Rider | 4 | |
| Knight | 2 | |
57 total
» upgrades
| Swords | 3 | |
| Gunpowder | 3 | |
| Armor | 3 | |
| Long Rifles | 1 | |
| Masonry | 3 | |
| Backpack | 1 | |
| Animal War Training | 1 | |
| Storm Hammers | 1 | |
| Cloud | 1 | |
| Lumber Harvesting | 1 | |
18 total
» buildings
| Altar of Kings | 1 | |
| Barracks | 1 | |
| Farm | 7 | |
| Arcane Vault | 1 | |
| Blacksmith | 1 | |
| Keep | 3 | |
| Castle | 2 | |
| Lumber Mill | 1 | |
| Scout Tower | 50 | |
| Town Hall | 6 | |
| Guard Tower | 52 | |
| Gryphon Aviary | 6 | |
131 total
» build order
01:08 Altar of Kings
01:09 Barracks
01:11 Farm
01:13 Farm
01:33 Arcane Vault
01:50 Farm
02:22 Blacksmith
02:25 Farm
04:06 Keep
04:07 Keep
04:08 Farm
04:46 Farm
06:24 Farm
07:49 Castle
07:49 Castle
08:00 Lumber Mill
10:00 Scout Tower
10:00 Scout Tower
10:04 Town Hall
10:05 Scout Tower
10:05 Scout Tower
10:30 Guard Tower
10:30 Guard Tower
10:31 Guard Tower
10:31 Guard Tower
10:32 Guard Tower
10:32 Guard Tower
10:34 Scout Tower
10:34 Scout Tower
10:35 Scout Tower
10:36 Scout Tower
10:48 Scout Tower
11:30 Guard Tower
11:37 Guard Tower
12:07 Guard Tower
12:30 Scout Tower
12:31 Scout Tower
12:36 Scout Tower
13:21 Town Hall
13:24 Scout Tower
13:25 Scout Tower
13:26 Scout Tower
13:26 Scout Tower
13:28 Scout Tower
13:29 Scout Tower
13:30 Scout Tower
13:31 Scout Tower
13:33 Scout Tower
13:37 Guard Tower
13:47 Scout Tower
13:48 Scout Tower
13:50 Scout Tower
13:51 Scout Tower
13:53 Scout Tower
13:59 Scout Tower
14:00 Scout Tower
14:01 Scout Tower
14:03 Scout Tower
14:04 Scout Tower
14:08 Scout Tower
14:12 Guard Tower
14:13 Guard Tower
14:19 Guard Tower
14:19 Guard Tower
14:25 Guard Tower
14:25 Guard Tower
14:26 Guard Tower
14:26 Guard Tower
14:30 Guard Tower
15:05 Guard Tower
15:17 Guard Tower
15:18 Guard Tower
15:48 Scout Tower
15:49 Scout Tower
15:50 Scout Tower
15:54 Scout Tower
15:55 Scout Tower
16:18 Guard Tower
16:19 Guard Tower
16:20 Guard Tower
16:21 Guard Tower
16:21 Guard Tower
16:22 Guard Tower
16:22 Guard Tower
18:53 Town Hall
19:24 Scout Tower
19:24 Scout Tower
19:26 Scout Tower
19:27 Scout Tower
19:28 Scout Tower
19:29 Scout Tower
19:30 Scout Tower
19:31 Scout Tower
19:35 Scout Tower
19:38 Scout Tower
19:39 Scout Tower
19:40 Scout Tower
19:46 Scout Tower
21:17 Guard Tower
21:17 Guard Tower
21:18 Guard Tower
21:51 Guard Tower
21:51 Guard Tower
22:52 Gryphon Aviary
22:54 Gryphon Aviary
22:58 Gryphon Aviary
23:00 Gryphon Aviary
26:54 Gryphon Aviary
27:46 Gryphon Aviary
28:53 Town Hall
33:06 Town Hall
36:02 Town Hall
» items
| Scroll of Regeneration | 6 | |
| Scroll of Town Portal | 3 | |
| Potion of Healing | 3 | |
| Staff of Sanctuary | 1 | |
| Mechanical Critter | 3 | |
16 total
letlive (
purple | 36 APM | 1128 actions | 31:14)
4 Lich
2 Frost Nova
2 Frost Armor
4 Death Knight
2 Death Coil
2 Unholy Aura
» actions
| Build / train | 74 | |
| Enter build submenu | 17 | |
| Enter hero's abilities submenu | 8 | |
| Right click | 723 | |
| Select / deselect | 249 | |
| Use ability | 57 | |
1128 total
» units
| Acolyte | 3 | |
| Ghoul | 4 | |
| Crypt Fiend | 33 | |
| Obsidian Statue | 2 | |
| Frost Wyrm | 4 | |
46 total
» upgrades
| Creature Carapace | 3 | |
| Creature Attack | 3 | |
| Web | 1 | |
| Freezing Breath | 1 | |
8 total
» buildings
| Ziggurat | 9 | |
| Altar of Darkness | 1 | |
| Graveyard | 1 | |
| Crypt | 1 | |
| Tomb of Relics | 1 | |
| Nerubian Tower | 1 | |
| Halls of the Dead | 1 | |
| Spirit Tower | 2 | |
| Slaughterhouse | 1 | |
| Sacrificial Pit | 1 | |
| Black Citadel | 1 | |
| Boneyard | 1 | |
21 total
» build order
00:09 Ziggurat
00:22 Altar of Darkness
00:41 Graveyard
01:08 Crypt
01:24 Tomb of Relics
01:48 Ziggurat
01:54 Nerubian Tower
03:59 Halls of the Dead
04:31 Ziggurat
05:23 Spirit Tower
06:14 Ziggurat
07:43 Slaughterhouse
07:51 Sacrificial Pit
08:17 Ziggurat
10:15 Black Citadel
11:44 Spirit Tower
12:25 Ziggurat
12:38 Boneyard
25:06 Ziggurat
25:09 Ziggurat
25:11 Ziggurat
» items
| Rod of Necromancy | 1 | |
| Potion of Healing | 1 | |
| Scroll of Town Portal | 1 | |
3 total
jojolelapin2 (
orange | 46 APM | 1635 actions | 35:18)
5 Keeper of the Grove
2 Force of Nature
3 Entangling Roots
3 Priestess of the Moon
2 Trueshot Aura
1 Searing Arrows
» actions
| Assign group hotkey | 11 | |
| Basic commands | 82 | |
| Build / train | 74 | |
| Enter build submenu | 17 | |
| Enter hero's abilities submenu | 8 | |
| Give item / drop item | 9 | |
| Remove unit from queue | 8 | |
| Right click | 719 | |
| Select / deselect | 456 | |
| Select group hotkey | 182 | |
| Use ability | 62 | |
1635 total
» units
| Wisp | 19 | |
| Archer | 9 | |
| Hippogryph | 9 | |
| Chimaera | 6 | |
43 total
» upgrades
| Strength of the Wild | 2 | |
| Reinforced Hides | 3 | |
| Corrosive Breath | 1 | |
6 total
» buildings
| Altar of Elders | 1 | |
| Ancient of War | 1 | |
| Moon Well | 8 | |
| Ancient of Wonders | 1 | |
| Tree of Ages | 1 | |
| Tree of Life | 3 | |
| Hunter's Hall | 1 | |
| Tree of Eternity | 2 | |
| Ancient of Wind | 2 | |
| Chimaera Roost | 3 | |
| Ancient Protector | 4 | |
| Scout Tower | 4 | |
| Guard Tower | 1 | |
32 total
» build order
00:09 Altar of Elders
00:15 Ancient of War
00:22 Moon Well
01:35 Moon Well
01:54 Ancient of Wonders
03:47 Tree of Ages
03:52 Tree of Life
04:38 Moon Well
04:59 Hunter's Hall
05:33 Moon Well
07:40 Tree of Eternity
07:41 Tree of Eternity
07:49 Ancient of Wind
07:52 Ancient of Wind
08:24 Moon Well
08:26 Moon Well
10:56 Chimaera Roost
10:57 Chimaera Roost
10:59 Chimaera Roost
11:10 Moon Well
11:10 Moon Well
18:27 Tree of Life
19:06 Tree of Life
20:33 Ancient Protector
20:34 Ancient Protector
20:35 Ancient Protector
20:37 Ancient Protector
31:42 Scout Tower
31:44 Scout Tower
31:45 Scout Tower
31:47 Scout Tower
32:17 Guard Tower
» items
DarkMen (
green | 27 APM | 746 actions | 27:19)
4 Paladin
1 Holy Light
2 Devotion Aura
1 Divine Shield
2 Mountain King
1 Storm Bolt
1 Bash
» actions
| Build / train | 66 | |
| Enter build submenu | 31 | |
| Enter hero's abilities submenu | 6 | |
| Give item / drop item | 2 | |
| Remove unit from queue | 3 | |
| Right click | 319 | |
| Select / deselect | 268 | |
| Use ability | 51 | |
746 total
» units
| Peasant | 20 | |
| Footman | 3 | |
| Rifleman | 2 | |
| Priest | 3 | |
| Knight | 2 | |
| Gryphon Rider | 3 | |
| Dragonhawk Rider | 2 | |
35 total
» upgrades
| Defend | 1 | |
| Priest Training | 1 | |
| Lumber Harvesting | 2 | |
| Masonry | 2 | |
| Animal War Training | 1 | |
| Swords | 1 | |
| Plating | 1 | |
| Gunpowder | 1 | |
| Armor | 1 | |
| Storm Hammers | 1 | |
| Cloud | 1 | |
13 total
» buildings
| Altar of Kings | 1 | |
| Farm | 11 | |
| Barracks | 2 | |
| Blacksmith | 1 | |
| Keep | 1 | |
| Arcane Vault | 1 | |
| Town Hall | 1 | |
| Lumber Mill | 2 | |
| Castle | 1 | |
| Arcane Sanctum | 1 | |
| Scout Tower | 3 | |
| Guard Tower | 2 | |
| Gryphon Aviary | 2 | |
29 total
» build order
00:18 Altar of Kings
00:29 Farm
01:02 Barracks
01:12 Farm
01:55 Farm
02:17 Blacksmith
02:34 Farm
03:50 Keep
04:24 Farm
04:38 Arcane Vault
05:25 Farm
05:41 Barracks
06:43 Town Hall
07:07 Lumber Mill
07:32 Lumber Mill
07:44 Castle
08:03 Farm
08:43 Arcane Sanctum
10:11 Farm
11:37 Scout Tower
12:08 Farm
12:26 Scout Tower
12:27 Guard Tower
12:55 Scout Tower
12:56 Guard Tower
13:10 Gryphon Aviary
14:38 Gryphon Aviary
16:05 Farm
16:43 Farm
» items
| Orb of Fire | 1 | |
| Scroll of Town Portal | 2 | |
3 total
Chat log
(00:09 / Allies) Chief.Dank.: go bears
(00:12 / All) TONY-ROMO-LOl: howdy
(00:15 / Allies) Chief.Dank.: lol
(00:15 / All) TONY-ROMO-LOl: boys and gals
(00:23 / Allies) bobbosden: i'm from wisconsin :/
(00:28 / All) MyNameIsMud: I got an "introduction" thread locked at a place whose slogan is "warmth and friendliness" without getting warned myself
(00:31 / All) MyNameIsMud: I am a wizard
(00:33 / Allies) Chief.Dank.: theyre playin the cowboys right now
(00:48 / Allies) bobbosden: well
(00:57 / Allies) bobbosden: i went to school in Chicago, so what the hell
(00:59 / Allies) bobbosden: go bears
(01:09 / Allies) Chief.Dank.: sick
(01:21 / Allies) TONY-ROMO-LOl: blue can u get keeper
(01:27 / Allies) TONY-ROMO-LOl: so u can clear trees so i can expo
(01:43 / Allies) Chief.Dank.: ?
(01:45 / Allies) MyNameIsMud: I claim it
(01:47 / Allies) TONY-ROMO-LOl: be a pal
(01:48 / Allies) TONY-ROMO-LOl: man
(01:49 / Allies) bobbosden: lol
(01:50 / Allies) bobbosden: np
(01:59 / Allies) Chief.Dank.: im just confused
(01:59 / Allies) MyNameIsMud: I'm getting AM instead of BM
(02:04 / Allies) MyNameIsMud: I'm chopping it with the shreddar
(02:07 / Allies) TONY-ROMO-LOl: get keeper hero
(02:09 / Allies) TONY-ROMO-LOl: nvm
(02:18 / Allies) Chief.Dank.: oh fuck
(02:20 / Allies) Chief.Dank.: lol
(02:23 / Allies) Chief.Dank.: kotg
(02:33 / Allies) Chief.Dank.: my b
(02:37 / Allies) bobbosden: lol
(02:46 / Allies) TONY-ROMO-LOl: i do believe u are full of it
(02:50 / Allies) bobbosden: units
(03:08 / Allies) Chief.Dank.: ya ik i just love dh
(03:11 / Allies) Chief.Dank.: my nigga
(03:23 / Allies) bobbosden: i'll exp fast
(03:24 / Allies) TONY-ROMO-LOl: i call shredde rk?
(03:46 / Allies) Chief.Dank.: k
(04:26 / Allies) TONY-ROMO-LOl: ' u tank
(04:27 / Allies) TONY-ROMO-LOl: i heal
(07:58 / Allies) MyNameIsMud: Pretty much just leeched exp there blue
(08:52 / Allies) Chief.Dank.: fuuuuck
(09:10 / Allies) Chief.Dank.: tp
(09:15 / Allies) MyNameIsMud: if they even attack
(10:21 / Allies) Chief.Dank.: gg
(10:56 / All) ih8i8pssy: Amazing chimbot
(13:53 / All) MyNameIsMud: you're my new friend green
(14:01 / All) MyNameIsMud: actually orange
(14:05 / All) MyNameIsMud: You just fucked up
(14:14 / Allies) MyNameIsMud: gold
(14:58 / Allies) MyNameIsMud: Why didn't you bring your hero down one base jacob
(15:07 / Allies) TONY-ROMO-LOl: hmm?
(15:13 / Allies) MyNameIsMud: when they attacked blue
(15:15 / Allies) TONY-ROMO-LOl: defend blue u mean?
(15:18 / Allies) MyNameIsMud: yeh
(15:19 / Allies) TONY-ROMO-LOl: i did i was expoing tho
(15:26 / Allies) MyNameIsMud: all you had to do was bring your am
(15:26 / Allies) bobbosden: red
(15:29 / Allies) bobbosden: what you doing with copters
(15:34 / Allies) TONY-ROMO-LOl: i did bring it
(15:36 / Allies) MyNameIsMud: yellow give your resources
(15:56 / Allies) MyNameIsMud: wow just waste your griffs
(16:04 / Allies) bobbosden: fuck
(16:18 / Allies) bobbosden: keyboard stuck
(16:21 / Allies) bobbosden: better now
(16:25 / Allies) MyNameIsMud: let's kill orange
(16:45 / All) MyNameIsMud: come and get it orange
(17:10 / Allies) bobbosden: nice red
(20:14 / Allies) bobbosden: lumber?
(20:34 / Allies) bobbosden: red or teal
(20:35 / Allies) bobbosden: lumber?
(22:10 / Allies) bobbosden: teal
(22:13 / Allies) bobbosden: can I have some lumerb?
(24:27 / Allies) bobbosden: can i dispel that with priests?
(24:53 / All) ih8i8pssy: Oj is a tker
(25:35 / Allies) MyNameIsMud: stay
(26:51 / Allies) bobbosden: lol
(27:06 / All) ih8i8pssy: Faggot taking my valuable lumber
(27:23 / All) ih8i8pssy: He's a South American shitskin!
(27:34 / All) ih8i8pssy: He muttered in some spic language
(27:53 / All) jojolelapin2: u can say me thanks
(28:01 / All) jojolelapin2: this fucking yellow had 7 k
(28:08 / All) jojolelapin2: and refuse share
(28:12 / All) ih8i8pssy: I still have it
(28:12 / All) TONY-ROMO-LOl: JAJA
(28:13 / All) ih8i8pssy: Have
(28:17 / Allies) bobbosden: i wanna do somethhing
(28:42 / All) MyNameIsMud: Purple I'm gonna let die
(28:54 / All) letlive: lol fail
(29:00 / All) letlive: doesnt know the reference at all
(29:04 / Allies) bobbosden: why cna we see that
(29:12 / All) ih8i8pssy: I made hotdogs and orange spoiled my enjoyment of them
(29:43 / All) TONY-ROMO-LOl: die bambi
(29:48 / All) jojolelapin2: xD
(31:35 / All) ih8i8pssy: Just the BR needs to leave now
(31:40 / All) ih8i8pssy: The mudman
(32:30 / All) ih8i8pssy: bad user of purple units
(32:39 / Allies) bobbosden: wtf
(32:45 / All) bobbosden: why are you TKing
(32:47 / All) MyNameIsMud: aw I was gonna get purple but he left his base
(33:09 / All) ih8i8pssy: Orange was a tker
(33:10 / All) ih8i8pssy: I had to
(33:18 / All) MyNameIsMud: the Swedish nation
(33:21 / Allies) bobbosden: what is green doing???
(33:27 / All) bobbosden: what is green doing?
(33:30 / All) TONY-ROMO-LOl: i do not know bob
(33:36 / All) jojolelapin2: lol i wasnt this fucking pink is just as good as my dog
(33:41 / All) ih8i8pssy: what's this about a northland
(33:48 / Allies) bobbosden: red
(33:52 / All) MyNameIsMud: the swedish nation
(33:53 / Allies) bobbosden: why are you killing me?
(33:53 / Allies) TONY-ROMO-LOl: yes?
(33:58 / Allies) TONY-ROMO-LOl: i do not know
(34:00 / All) ih8i8pssy: I thought those were my unfinished towers for a moment
(34:02 / Allies) bobbosden: please stop :(
(34:08 / Allies) TONY-ROMO-LOl: ok i will stop
(34:18 / Allies) MyNameIsMud: You're going to have to ask with a cherry on top
(34:20 / Allies) MyNameIsMud: PLEASE PLEASE
(34:22 / All) jojolelapin2: 6 guns
(34:25 / All) ih8i8pssy: Ahhhh
(34:27 / All) jojolelapin2: and 3 gryph
(34:28 / Allies) MyNameIsMud: WITH A CHERRY ON TOP AND CHOCOLATE SPRINKLES
(34:29 / All) ih8i8pssy: Maybe I can enjoy mt hotdog now
(34:31 / All) ih8i8pssy: in this peace
(34:32 / Allies) bobbosden: why don't we just kill them?
(35:13 / Allies) bobbosden: red
(35:17 / Allies) bobbosden: can you stop?
(35:18 / Allies) TONY-ROMO-LOl: yea?
(35:20 / Allies) TONY-ROMO-LOl: okay
(35:22 / All) ih8i8pssy: Good
(35:25 / Allies) bobbosden: please?
(35:42 / Allies) TONY-ROMO-LOl: i said okay man
(36:08 / All) ih8i8pssy: My allies weren't fond of my refusal to hand out my gold
(36:52 / All) bobbosden: wait
(36:58 / All) bobbosden: are we just killing ourselves now?
(37:02 / All) ih8i8pssy: Yes
(37:06 / All) bobbosden: so this is like
(37:09 / All) bobbosden: an absurdist game
(37:26 / Allies) MyNameIsMud: You could call it that
(37:35 / All) ih8i8pssy: Yes
(37:39 / Allies) bobbosden: wouldn't that be ay cooler
(37:45 / Allies) MyNameIsMud: What makes it cooler?
(37:56 / All) ih8i8pssy: They're both gone
(37:58 / All) MyNameIsMud: lawl
(37:59 / All) ih8i8pssy: Which team gets the loss?
(38:03 / All) ih8i8pssy: Mine had an angry tking chimbot
(38:04 / All) TONY-ROMO-LOl: zack is on
(38:06 / All) ih8i8pssy: who was a br
(38:23 / All) MyNameIsMud: green and orange and purple should lose
(38:23 / All) TONY-ROMO-LOl: copters is way too much effort for me
(38:29 / All) ih8i8pssy: I agree